 Dungeon Sprint DCSS version 0.20-a0-1117-g62da73f (webtiles) character file.

1525 potatolord6000 the Tortoise (level 13, -1/139 HPs)
             Began as a Deep Dwarf Fighter on May 9, 2017.
             Was an Initiate of Gozag.
             Killed from afar by a rime drake (6 damage)
             ... with a flash freeze
             ... in the Dungeon (Sprint VI: "Thunderdome").
             The game lasted 00:29:47 (2244 turns).

potatolord6000 the Tortoise (Deep Dwarf Fighter)    Turns: 2244, Time: 00:29:49

Health: -1/139     AC: 52    Str: 31    XL:     13   Next: 71%
Magic:  4/4        EV: 11    Int:  9    God:    Gozag
Gold:   0          SH: 33    Dex: 22    Spells: 12/12 levels left

rFire    + . .     SeeInvis +   a - +9 war axe (elec)
rCold    . . .     Gourm    .   n - +6 large shield of Ryhemiridghe {rF+ SInv}
rNeg     . . .     Faith    .   h - +12 crystal plate armour
rPois    .         Spirit   .   c - +2 hat of Amelioration {-Tele Regen+ Dex+5 SInv}
rElec    .         Reflect  +   d - +4 cloak of Zybrur {-Tele Str+3}
rCorr    .         Harm     .   g - +2 pair of gloves "Welid" {*Slow +Blink Str+3 Slay+2}
MR       +....     NoTele   +   j - +2 pair of boots "Napyal" {Regen+}
Stlth    ..........             r - +3 amulet of reflection
Regen    0.0/turn               (no ring)
MPRegen  0.1/turn               (no ring)

@: agile, lethally poisoned (-1 -> -26), gold aura, non-regenerating, hasted,
very quick
A: damage resistance, heal wounds, sense surroundings 2, no regeneration
}: 2/15 runes: serpentine, barnacled
a: Heal Wounds, Potion Petition, Call Merchant, Bribe Branch, Renounce Religion,
Evoke Blink


You were in the Dungeon.
You worshipped Gozag.
Gozag was noncommittal.
You were hungry.

You visited 1 branch You collected 8622 gold pieces.
You spent 7769 gold pieces at shops.
You paid 853 gold pieces to Gozag.

Inventory:

Hand Weapons
 a - a +9 war axe of electrocution (weapon)
Armour
 c - the +2 hat of Amelioration (worn) {-Tele Regen+ Dex+5 SInv}
   (You bought it in a shop in the Dungeon)

   It affects your dexterity (+5).
   It lets you see invisible.
   It prevents most forms of teleportation.
   It increases your rate of regeneration.
 d - the +4 cloak of Zybrur (worn) {-Tele Str+3}
   (You bought it in a shop in the Dungeon)

   It affects your strength (+3).
   It prevents most forms of teleportation.
 g - the +2 pair of gloves "Welid" (worn) {*Slow +Blink Str+3 Slay+2}
   (You bought it in a shop in the Dungeon)

   It affects your strength (+3).
   It affects your accuracy and damage with ranged weapons and melee attacks
   (+2).
   It lets you blink.
   It may slow you when you take damage.
 h - a +12 crystal plate armour (worn)
 j - the +2 pair of boots "Napyal" (worn) {Regen+}
   (You bought it in a shop in the Dungeon)

   It increases your rate of regeneration.
 n - the +6 large shield of Ryhemiridghe (worn) {rF+ SInv}
   (You bought it in a shop in the Dungeon)

   It protects you from fire.
   It lets you see invisible.
Jewellery
 r - a +3 amulet of reflection (around neck)
 t - the cursed ring of Apoduf {Dex-3 Stlth+}
   (You bought it in a shop in the Dungeon)

   [ring of dexterity]

   It affects your dexterity (-3).
   It makes you more stealthy.
   It has a curse placed upon it.
 u - the ring "Vimy" {rF+ MR+ Int+3 Stlth+}
   (You bought it in a shop in the Dungeon)

   [ring of intelligence]

   It affects your intelligence (+3).
   It protects you from fire.
   It affects your resistance to hostile enchantments.
   It makes you more stealthy.
 v - the ring "Fuxker" {*Corrode rN++ Str+7 Stlth-, unknown}
   (You bought it in a shop in the Dungeon)

   [ring of loudness]

   It affects your strength (+7).
   It greatly protects you from negative energy.
   It may corrode you when you take damage.
   It makes you less stealthy.
 w - the ring "Tooqoil" {*Drain rPois Int+5 Dex+5 Stlth+, unknown}
   (You bought it in a shop in the Dungeon)

   [ring of intelligence]

   It affects your intelligence (+5).
   It affects your dexterity (+5).
   It protects you from poison.
   It causes draining when unequipped.
   It makes you more stealthy.
 x - the ring "Zuddebi" {rC+ Stlth+, unknown}
   (You bought it in a shop in the Dungeon)

   [ring of stealth]

   It protects you from cold.
   It makes you more stealthy.
 y - the ring "Mibujim" {*Contam rC+++ Dex+7 SInv, unknown}
   (You bought it in a shop in the Dungeon)

   [ring of see invisible]

   It affects your dexterity (+7).
   It renders you almost immune to cold.
   It lets you see invisible.
   It causes magical contamination when unequipped.
 z - the ring of Fun {+Fly rElec, unknown}
   (You bought it in a shop in the Dungeon)

   [ring of flight]

   It insulates you from electricity.
   It lets you fly.
 A - the ring of Suck {rF+ rC+ Str+5, unknown}
   (You bought it in a shop in the Dungeon)

   [ring of protection from fire]

   It affects your strength (+5).
   It protects you from fire.
   It protects you from cold.
 B - the cursed ring "Cilec" {Str-2 Int+6, unknown}
   (You bought it in a shop in the Dungeon)

   [ring of strength]

   It affects your strength (-2).
   It affects your intelligence (+6).
   It has a curse placed upon it.
 C - the ring of Attitude {AC+3 Str+3 Dex+7, unknown}
   (You bought it in a shop in the Dungeon)

   [ring of protection]

   It affects your AC (+3).
   It affects your strength (+3).
   It affects your dexterity (+7).
 D - the ring "Xack" {rF+ Dex+4, unknown}
   (You bought it in a shop in the Dungeon)

   [ring of protection from fire]

   It affects your dexterity (+4).
   It protects you from fire.
 E - the ring "Luhaov" {Wiz Str+5, unknown}
   (You bought it in a shop in the Dungeon)

   [ring of wizardry]

   It improves your spell success rate.
   It affects your strength (+5).
 F - the ring "Gica" {-Tele EV+4 Str+4 Int+3, unknown}
   (You bought it in a shop in the Dungeon)

   [ring of evasion]

   It affects your evasion (+4).
   It affects your strength (+4).
   It affects your intelligence (+3).
   It prevents most forms of teleportation.
 G - the ring of Siraig {rF+ MP+9 Str+2 Dex+4, unknown}
   (You bought it in a shop in the Dungeon)

   [ring of strength]

   It affects your strength (+2).
   It affects your dexterity (+4).
   It protects you from fire.
   It affects your magic capacity (+9).
Wands
 o - a wand of scattershot (4/9)
Scrolls
 b - 4 scrolls of enchant armour
 f - 13 scrolls of remove curse
 k - 4 scrolls of blinking
 l - 3 scrolls of fog
 q - 7 scrolls of enchant weapon
Potions
 i - 2 potions of magic
 m - a potion of resistance


   Skills:
 + Level 15.4 Fighting
 + Level 17.8 Axes
 + Level 17.9 Armour
 + Level 17.8 Shields


You had 12 spell levels left.
You didn't know any spells.

Dungeon Overview and Level Annotations

Branches:
Dungeon (1/1)

Altars:
Cheibriados
Dithmenos
Fedhas
Gozag
Kikubaaqudgha
Makhleb
Okawaru
Qazlal
Ru
Sif Muna
Trog
Uskayaw
Vehumet
Wu Jian
Xom
Yredelemnul
Zin
The Shining One
Beogh
Jiyva
Lugonu

Shops:
D *[%??*?*:[((!!!!


Innate Abilities, Weirdness & Mutations

You are resistant to damage.
You can heal yourself by infusing magical energy.
You passively map the area around you.
You do not regenerate.


Message History

You feel very sick.
Things that are here:
a stone; a spear
* * * LOW HITPOINT WARNING * * *
You feel very sick.
The swamp drake is distracted by the nearby gold.
The lindwurm barely misses you.
The lindwurm claws you but does no damage. x2
* * * LOW HITPOINT WARNING * * *
You feel very sick.
You see here a stone.
A rime drake comes into view.
You feel less confused.
* * * LOW HITPOINT WARNING * * *
You feel sick.
The rime drake hisses angrily.
The rime drake breathes ice at you. The flash freeze hits you!
You die...
Your body crumbles into a pile of gold.

⌠..§§......###...###..........⌠#
⌠..§§..$$..# #.<.# #..........⌠#
⌠..§$......###...###..........⌠#
#.........k...###.............##
###∩.$$)....8.# #.8....k...∩###
##∩___....).###........_∩##
######.8.........8.######
#⌠..((.((.(..⌠# ###....k@...###
#_......._# #_......._#
#_......._# #∩.......∩#
##∩.....∩## ##.....## ##⌠⌠⌠##
#####


You could see a lindwurm, a rime drake and a swamp drake (unaware).

Vanquished Creatures
  A storm dragon (D)
  A merfolk avatar (D)
  2 anacondas (D)
  An ice dragon (D)
  A naga warrior (D)
  An iron troll (D)
  2 swamp dragons (D)
  9 deep trolls (D)
  A lindwurm (D)
  9 orb spiders (D)
  A faun (D)
  2 manticores (D)
  A black mamba (D)
  2 merfolk sirens (D)
  3 naga magi (D)
  3 rime drakes (D)
  7 trolls (D)
  A wind drake (D)
  A snapping turtle (D)
  Grinder (D)
  Sigmund (D)
  2 nagas (D)
  An acid dragon (D)
  4 insubstantial wisps (D)
  3 ice beasts (D)
  2 bullfrogs (D)
  Terence (D)
  2 shadow imps (D)
  A white imp (D)
  An ufetubus (D)
  An orc (D)
  A frilled lizard (D)
  A quokka simulacrum (D)
  A rat (D)
72 creatures vanquished.

Vanquished Creatures (others)
  An orb spider (D)
1 creature vanquished.

Grand Total: 73 creatures vanquished

Notes
Turn   | Place    | Note
-------+----------+-------------------------------------------
     0 | D        | potatolord6000 the Deep Dwarf Fighter began the quest for the Orb.
     0 | D        | Reached XP level 1. HP: 20/20 MP: 1/1
     3 | D        | Found a bloodstained altar of Trog.
     3 | D        | Found a corrupted altar of Lugonu.
     4 | D        | Found a snail-covered altar of Cheibriados.
     4 | D        | Found a blossoming altar of Fedhas.
     5 | D        | Found an opulent altar of Gozag.
     5 | D        | Found a deep blue altar of Sif Muna.
     5 | D        | Round 1.
     6 | D        | Found Baqydoh's Identification Station.
     6 | D        | Found an ornate altar of the Wu Jian Council.
     6 | D        | Found a burning altar of Makhleb.
     6 | D        | Found Ryitrubb's Bee Food.
     7 | D        | Found Japenif's Advanced Armour.
     7 | D        | Found Biolotte's Jewellery.
    15 | D        | Became a worshipper of Gozag Ym Sagoz the Greedy
    23 | D        | Found a viscous altar of Jiyva.
    24 | D        | Found Fiynt's Premium Goods.
    26 | D        | Found a shadowy altar of Dithmenos.
    26 | D        | Found a radiant altar of Vehumet.
    26 | D        | Found a sacrificial altar of Ru.
    26 | D        | Found Xounuoz's Weapon Rack.
    27 | D        | Found Seuc's Miscellaneous Merchandise.
    27 | D        | Found Seshufau's Basic Armour.
    40 | D        | Found a hide-covered altar of Uskayaw.
    42 | D        | Found Kuown's Do-It-Yourself Clinic.
    44 | D        | Found Aczetudd's Bottled Wisdom.
    44 | D        | Found Bum Wausiule's Distillery.
    45 | D        | Found a glowing silver altar of Zin.
    45 | D        | Found an iron altar of Okawaru.
    45 | D        | Found an ancient bone altar of Kikubaaqudgha.
    45 | D        | Found Lasabul's Distillery.
    56 | D        | Found a stormy altar of Qazlal.
    58 | D        | Found a shimmering altar of Xom.
    60 | D        | Found Jenizaz's Staff Store.
    62 | D        | Found Xeewenyc's Must-Have Magic.
    62 | D        | Found Xautuupp's Magic Scroll Shop.
    71 | D        | Found a basalt altar of Yredelemnul.
    71 | D        | Found a roughly hewn altar of Beogh.
    71 | D        | Found a glowing golden altar of the Shining One.
    71 | D        | Found Madousm's Magic Scroll Shop.
   126 | D        | Noticed Sigmund
   131 | D        | Noticed Terence
   139 | D        | Killed Terence
   139 | D        | Reached XP level 2. HP: 30/30 MP: 2/2
   148 | D        | Reached XP level 3. HP: 33/36 MP: 3/3
   156 | D        | Killed Sigmund
   156 | D        | Arena points: 12 (+12) [x2]
   156 | D        | Reached skill level 5 in Fighting
   156 | D        | Reached XP level 4. HP: 24/48 MP: 4/4
   156 | D        | Reached XP level 5. HP: 28/55 MP: 5/5
   196 | D        | Bought a transparent cloak for 332 gold pieces
   201 | D        | Identified the +4 cloak of Zybrur {-Tele Str+3} (You bought it in a shop in the Dungeon)
   229 | D        | Round 2.
   236 | D        | Noticed Grinder
   253 | D        | Killed Grinder
   253 | D        | Reached XP level 6. HP: 48/63 MP: 6/6
   266 | D        | Arena points: 48 (+36) [x3]
   312 | D        | Bought a smoking large shield for 332 gold pieces
   319 | D        | Round 3.
   322 | D        | Identified the +6 large shield of Ryhemiridghe {rF+ SInv} (You bought it in a shop in the Dungeon)
   336 | D        | Noticed a rime drake
   342 | D        | Noticed an ice beast
   350 | D        | Killed a rime drake
   350 | D        | Reached XP level 7. HP: 73/73 MP: 7/7
   386 | D        | Reached skill level 10 in Armour
   386 | D        | Reached skill level 10 in Shields
   409 | D        | Bought a warped helmet for 332 gold pieces
   409 | D        | Bought a pair of warped gloves for 332 gold pieces
   414 | D        | Identified the cursed +0 helmet of Tiejack {rElec rPois rN++ MP-9} (You bought it in a shop in the Dungeon)
   419 | D        | Identified the -1 pair of gloves of the Sacrificial Victim {rPois rF+ MR+} (You bought it in a shop in the Dungeon)
   472 | D        | Noticed a rime drake
   490 | D        | Killed a rime drake
   490 | D        | Arena points: 132 (+84) [x4]
   490 | D        | Reached skill level 10 in Axes
   490 | D        | Reached XP level 8. HP: 35/84 MP: 0/8
   518 | D        | Round 4.
   522 | D        | Bought a pair of warped gloves for 332 gold pieces
   532 | D        | Identified the +2 pair of gloves "Welid" {*Slow +Blink Str+3 Slay+2} (You bought it in a shop in the Dungeon)
   651 | D        | Bought a bloodstained hat for 315 gold pieces
   659 | D        | Arena points: 160 (+28) [x1]
   674 | D        | Round 5.
   688 | D        | Noticed a giant anaconda
   701 | D        | Noticed a guardian serpent
   710 | D        | Killed a giant anaconda
   710 | D        | Arena points: 265 (+105) [x3]
   710 | D        | Reached skill level 10 in Fighting
   710 | D        | Gained mutation: You passively map the area around you. [Deep Dwarf growth]
   710 | D        | Reached XP level 9. HP: 66/94 MP: 0/8
   713 | D        | Got a serpentine rune of Zot
   725 | D        | Bought 3 scrolls of identify for 150 gold pieces
   725 | D        | Identified the +2 hat of Amelioration {-Tele Regen+ Dex+5 SInv} (You bought it in a shop in the Dungeon)
   932 | D        | Round 6.
   939 | D        | Noticed a deep troll
   964 | D        | Killed a deep troll
   967 | D        | Reached XP level 10. HP: 47/104 MP: 0/9
   975 | D        | Noticed a deep troll
   995 | D        | Killed a deep troll
  1016 | D        | Noticed a deep troll
  1017 | D        | Noticed a deep troll
  1034 | D        | Killed a deep troll
  1048 | D        | Killed a deep troll
  1048 | D        | Reached XP level 11. HP: 74/114 MP: 0/9
  1055 | D        | Noticed a deep troll
  1062 | D        | Noticed a deep troll
  1073 | D        | Killed a deep troll
  1090 | D        | Killed a deep troll
  1090 | D        | Arena points: 481 (+216) [x4]
  1112 | D        | Bought 15 scrolls of remove curse for 450 gold pieces
  1135 | D        | Round 7.
  1149 | D        | Bought a pair of faintly humming boots for 332 gold pieces
  1154 | D        | Identified the cursed -4 pair of boots of Listlessness {rElec MR- Regen+ Int+3} (You bought it in a shop in the Dungeon)
  1204 | D        | Bought a pair of slimy boots for 332 gold pieces
  1209 | D        | Identified the +2 pair of boots "Napyal" {Regen+} (You bought it in a shop in the Dungeon)
  1328 | D        | Arena points: 537 (+56) [x1]
  1343 | D        | Round 8.
  1383 | D        | Noticed a naga warrior
  1396 | D        | Reached skill level 15 in Armour
  1405 | D        | Killed a naga warrior
  1405 | D        | Reached skill level 15 in Axes
  1405 | D        | Reached skill level 15 in Shields
  1446 | D        | Noticed an anaconda
  1458 | D        | Killed an anaconda
  1478 | D        | Arena points: 681 (+144) [x2]
  1532 | D        | Bought a +0 crystal plate armour for 960 gold pieces
  1538 | D        | Round 9.
  1541 | D        | Noticed a deep troll
  1563 | D        | Bought 4 scrolls of enchant armour for 300 gold pieces
  1563 | D        | Bought 8 scrolls of enchant weapon for 600 gold pieces
  1563 | D        | Bought a scroll of brand weapon for 200 gold pieces
  1572 | D        | Killed a deep troll
  1630 | D        | Noticed a deep troll
  1639 | D        | Killed a deep troll
  1657 | D        | Noticed an iron troll
  1659 | D        | Reached XP level 12. HP: 114/127 MP: 4/4
  1709 | D        | Arena points: 771 (+90) [x1]
  1724 | D        | Bought 4 scrolls of enchant armour for 300 gold pieces
  1724 | D        | Round 10.
  1725 | D        | Noticed a dimme
  1726 | D        | Bought 4 scrolls of enchant armour for 300 gold pieces
  1726 | D        | Bought 8 scrolls of enchant weapon for 600 gold pieces
  1751 | D        | Killed a dimme
  1751 | D        | Arena points: 1041 (+270) [x3]
  1755 | D        | Got a barnacled rune of Zot
  1756 | D        | Reached XP level 13. HP: 96/136 MP: 5/5
  1773 | D        | Bought 4 scrolls of enchant armour for 300 gold pieces
  1820 | D        | Bought a +3 amulet of reflection for 235 gold pieces
  1940 | D        | Bought 3 potions of heal wounds for 105 gold pieces
  1955 | D        | Round 11.
  2100 | D        | Arena points: 1525 (+484) [x4]
  2132 | D        | Round 12.
  2168 | D        | Bought a coiled pewter ring for 45 gold pieces
  2168 | D        | Bought a coiled jade ring for 45 gold pieces
  2168 | D        | Bought a fine glass ring for 45 gold pieces
  2168 | D        | Bought a transparent iron ring for 45 gold pieces
  2168 | D        | Bought a heavily runed pewter ring for 45 gold pieces
  2168 | D        | Bought a sparkling bone ring for 45 gold pieces
  2168 | D        | Bought a pitted amber ring for 45 gold pieces
  2168 | D        | Bought a brightly glowing lead ring for 45 gold pieces
  2168 | D        | Bought a twitching turquoise ring for 45 gold pieces
  2168 | D        | Bought a fine lead ring for 45 gold pieces
  2168 | D        | Bought a flickering pewter ring for 45 gold pieces
  2168 | D        | Bought a translucent iron ring for 45 gold pieces
  2168 | D        | Bought a translucent silver ring for 45 gold pieces
  2168 | D        | Bought a scorched wooden ring for 45 gold pieces
  2168 | D        | Identified the cursed ring of Apoduf {Dex-3 Stlth+} (You bought it in a shop in the Dungeon)
  2169 | D        | Identified the ring "Vimy" {rF+ MR+ Int+3 Stlth+} (You bought it in a shop in the Dungeon)
  2186 | D        | Reached skill level 15 in Fighting
  2199 | D        | Noticed a storm dragon
  2220 | D        | Killed a storm dragon
  2236 | D        | HP: 5/139 [poison (poison gas)]
  2244 | D        | HP: 5/139 [poison (poison gas)]
  2244 | D        | Killed from afar by a rime drake

Vault maps used:
D:        arena_sprint

Skill      XL: |  1  2  3  4  5  6  7  8  9 10 11 12 13 |
---------------+----------------------------------------+-----
Fighting       | 3 5 6 7 8 10 11 13 14 15 | 15.4
Axes           | 3 6 8 9 10 12 13 15 16 17 | 17.8
Armour         | 4 6 8 9 10 12 13 15 16 17 | 17.9
Shields        | 4 6 8 9 10 12 13 15 16 17 | 17.8

Action                   |  1- 3 |  4- 6 |  7- 9 | 10-12 | 13-15 || total
-------------------------+-------+-------+-------+-------+-------++-------
Melee: War axe           |    22 |    29 |   119 |   247 |    45 ||   462
Invok: Potion Petition   |       |       |     1 |     1 |     1 ||     3
 Abil: Heal Wounds       |       |     2 |     5 |    16 |     5 ||    28
  Use: Potion            |     3 |     4 |     4 |     1 |     4 ||    16
       Scroll            |       |       |     1 |    15 |    11 ||    27
 Stab: Distracted        |       |       |       |     1 |     2 ||     3
  Eat: Bread ration      |       |       |       |     1 |       ||     1
Armor: Scale mail        |     5 |    10 |    37 |    62 |       ||   114
       Crystal plate arm |       |       |       |    25 |    25 ||    50
Dodge: Dodged            |     6 |     8 |    13 |    55 |     8 ||    90
Block: Shield            |     5 |    15 |       |       |       ||    20
       Large shield      |       |     9 |   117 |   350 |    66 ||   542
